cohdb
Replays
Latest Replays
All Replays
Popular Replays
Top Player Replays
Match Explorer
How It Works
Community
CoH3 Stats
Reddit
Sign in to upload your games and track your stats! →
Sign in with Steam
Match 46583440
Unlisted
Match 46583440
Overview
Messages
Build Orders
End
Construct Section Command Post
Infantry Section
Infantry Section
Infantry Section
Vickers Machine Gun Team
Construct Platoon Command Post
ML 3-inch Mortar Team
Humber Armored Car
Selects Heavy Armor Battlegroup
Selects Rigorous Vehicle Training
Selects Light Vehicle Withdraw and Refit
Construct Field Infirmary
Selects Radio Net
Selects Forward Repair Assembly
Selects UNKNOWN (2162094)
Humber Armored Car
6-pounder Anti-tank Gun Team
Royal Engineer Section
Construct Company Command Post
Crusader II Medium Tank
Grenade Package
Selects Recon Artillery
Crusader II Medium Tank
rocketpossum
Grom
0
0
Comments
sign in to comment!
No comments posted yet!